 Dungeon Crawl Stone Soup version 0.25-a0-860-gf695395b5c (webtiles) character file.

Game seed: 18121468202486337624, levelgen mode: deterministic

39 raistware the Magician (level 3, -10/24 HPs)
             Began as a Vampire Wizard on Apr 28, 2020.
             Killed by nerve-wracking pain
             ... invoked by an orc priest
              (12 damage)
             ... on level 2 of the Dungeon.
             The game lasted 00:06:14 (1523 turns).

raistware the Magician (Vampire Wizard)             Turns: 1523, Time: 00:06:14

Health: -10/24     AC:  3    Str:  6    XL:     3   Next: 26%
Magic:  1/8        EV: 12    Int: 21    God:
Gold:   28         SH:  0    Dex: 12    Spells: 4/9 levels left

rFire    . . .     SeeInvis +   i - +0 spear
rCold    + . .     Gourm    .   (no shield)
rNeg     . . .     Faith    .   a - +0 robe
rPois    .         Spirit   .   b - +0 hat
rElec    .         Reflect  .   (no cloak)
rCorr    +         Harm     .   h - +0 pair of gloves
MR       .....                  (no boots)
Stlth    ++........             (no amulet)
HPRegen  0.28/turn              g - ring of resist corrosion
MPRegen  0.11/turn              k - ring of protection from cold

@: about to teleport, regenerating quickly
A: no food, fangs 3, see invisible, unbreathing
a: Exsanguinate


You were on level 2 of the Dungeon.
You were alive.

You visited 1 branch of the dungeon, and saw 2 of its levels.

You collected 28 gold pieces.

Inventory:

Hand Weapons
 i - a +0 spear (weapon)
Missiles
 e - 57 stones (quivered)
Armour
 a - a +0 robe (worn)
 b - a +0 hat (worn)
 h - a +0 pair of gloves (worn)
Jewellery
 g - a ring of resist corrosion (left hand)
 k - a ring of protection from cold (right hand)
Scrolls
 j - a scroll of identify {unknown}
 l - a scroll of remove curse {unknown}
 m - a scroll of fog {unknown}
Potions
 c - a potion of lignification {unknown}
 f - a potion of curing {unknown}
 n - a potion of brilliance {unknown}


   Skills:
 + Level 1.6 Polearms
 - Level 2.1 Dodging
 - Level 3.0 Stealth
 - Level 3.6 Spellcasting
 - Level 0.8 Conjurations
 - Level 1.0 Summonings
 - Level 0.7 Translocations


You had 4 spell levels left.
You knew the following spells:

 Your Spells              Type           Power        Failure   Level  Hunger
a - Magic Dart            Conj           #...         9%          1    N/A
b - Call Imp              Summ           #.......     13%         2    N/A
c - Blink                 Tloc           N/A          14%         2    N/A

Your spell library contained the following spells:

 Spells                   Type           Power        Failure   Level  Hunger
 Slow                     Hex            #.......     19%         2    N/A
 Conjure Flame            Conj/Fire      #.......     30%         3    N/A
 Mephitic Cloud           Conj/Pois/Air  #.......     32%         3    N/A

Dungeon Overview and Level Annotations

Branches:
Dungeon (2/15)

Altars:


Innate Abilities, Weirdness & Mutations

You do not eat.
Your natural rate of healing is unusually fast.
You have razor-sharp teeth.
You have supernaturally acute eyesight. (SInv)
You can survive without breathing.


Message History

Confirm with . or Enter, or press ? or * to list all spells.
Aiming: Magic Dart (safe; 9% risk of failure)
Press: ? - help, Shift-Dir - straight line, f/p - orc priest
Aim: an orc priest, wielding a +0 short sword and wearing a +0 ring mail The magic dart hits the orc priest but does no damage.
The orc priest calls down the wrath of Beogh upon you.
Pain shoots through your body!
You hit the orc priest but do no damage.
The orc priest hits you with a +0 short sword.
* * * LOW HITPOINT WARNING * * *
You can't eat.
Unknown command.
As you read the scroll of teleportation, it crumbles to dust.
You feel strangely unstable.
The orc priest hits you with a +0 short sword.
* * * LOW HITPOINT WARNING * * *
The orc priest invokes the aid of Beogh against you.
Pain shoots through your body!
Ouch! That really hurt!
You die...

.### ###.#+#+###.#####.......
...# #........##.#...........
##.###........##.#...........
#............'..#.........#
###...........####.....o...#
.................#.........#
##............##.#...).....#
#............##.#.........#
#............##@#.........#
#............##.#.........#
#............##.o.........#
#............########.....#
#............# .##### .# .#


You could see an orc priest.

Vanquished Creatures
  An ooze (D:2)
  2 dart slugs
  2 leopard geckos (D:1)
  2 orcs (D:2)
  3 bats
  A giant cockroach (D:2)
  3 goblins
  A hobgoblin (D:1)
  4 jackals (D:1)
  2 kobolds (D:1)
  A frilled lizard (D:2)
  3 rats
25 creatures vanquished.

Notes
Turn   | Place    | Note
-------+----------+-------------------------------------------
     0 | D:1      | raistware the Vampire Wizard began the quest for the Orb.
     0 | D:1      | Reached XP level 1. HP: 13/13 MP: 4/4
   180 | D:1      | Reached XP level 2. HP: 19/19 MP: 2/6
   220 | D:1      | Learned a level 2 spell: Call Imp
   223 | D:1      | Learned a level 2 spell: Blink
   937 | D:2      | Reached skill level 1 in Polearms
  1083 | D:2      | Reached XP level 3. HP: 18/24 MP: 1/8
  1523 | D:2      | Killed from afar by an orc priest

Levels and vault maps discovered:
D:1:      dpeg_arrival_round_b, layout_basic, corexii_leaking_fountain,
          moated_statue
D:2:      layout_basic, minmay_quantized

Skill      XL: |  1  2 |
---------------+-------+-----
Polearms       | 1 |  1.6
Dodging        | |  2.1
Stealth        | |  3.0
Spellcasting   | |  3.6
Conjurations   | |  0.8
Summonings     | |  1.0
Translocations | |  0.7

Action                   || total
-------------------------++-------
Melee: Unarmed           ||    12
       Bite              ||     6
       Spear             ||    37
 Cast: Magic Dart        ||    63
  Use: Scroll            ||     2
 Stab: Distracted        ||     1
       Sleeping          ||     1
Armor: Robe              ||     8
Dodge: Dodged            ||    43

Table legend:
 A = Non-vault XP
 B = Vault XP
 C = Vault XP percentage of total XP
 D = Non-vault monster count
 E = Vault monster count
 F = Vault count percentage of total count
                 A         B        C        D         E       F
            +---------+---------+-------+---------+---------+-------
      Total |      56 |       0 |   0.0 |      25 |       0 |   0.0
            +---------+---------+-------+---------+---------+-------
        D:1 |      32 |       0 |   0.0 |      16 |       0 |   0.0
        D:2 |      24 |       0 |   0.0 |       9 |       0 |   0.0
            +---------+---------+-------+---------+---------+-------
